 Dungeon Crawl Stone Soup version 0.16.2-2-g470672f (webtiles) character file.

48 farough the Caller (level 3, 0/19 HPs)
             Began as a Deep Elf Summoner on Aug 19, 2015.
             Slain by an orc
             ... wielding a +0 hand axe
              (4 damage)
             ... on level 3 of the Dungeon.
             The game lasted 00:20:17 (1844 turns).

farough the Caller (Deep Elf Summoner)              Turns: 1844, Time: 00:20:17

Health: 0/19       AC:  4    Str:  5    XL:     3   Next: 50%
Magic:  2/12       EV: 13    Int: 20    God:
Gold:   112        SH:  0    Dex: 15    Spells: 3 memorised, 4 levels left

rFire  . . .     SeeInvis .     l - +0 falchion
rCold  . . .     Clarity  .     a - +1 robe
rNeg   . . .     SustAb   .     (no shield)
rPois  .         Gourm    .     (no helmet)
rElec  .         Spirit   .     (no cloak)
rCorr  .         Warding  .     i - +0 pair of gloves
rMut   .         Stasis   .     (no boots)
MR     .....                    (no amulet)
Stlth  ++........               (no ring)
                                (no ring)

@: not resistant to hostile enchantments, unstealthy
A: no striking features
a: no special abilities


You were on level 3 of the Dungeon.
You were not hungry.

You visited 1 branch of the dungeon, and saw 3 of its levels.

You collected 112 gold pieces.

Inventory:

Hand weapons
 l - a +0 falchion (weapon)
Missiles
 h - 20 poisoned needles
Armour
 a - a +1 robe (worn)
 c - a cursed -2 chain mail
 i - a +0 pair of gloves (worn)
Scrolls
 g - 2 scrolls of enchant armour
 j - 2 scrolls of teleportation
 n - a scroll of remove curse {unknown}
Potions
 d - a potion of flight
 e - 2 potions of haste
 f - a potion of curing
 k - a potion of ambrosia
 m - a potion of cancellation {unknown}
Books
 b - a book of Callings

   Spells                             Type                      Level
   a - Summon Small Mammal            Summoning                    1
   b - Call Imp                       Summoning                    2
   c - Call Canine Familiar           Summoning                    3
   d - Summon Guardian Golem          Hexes/Summoning              4
   e - Summon Lightning Spire         Summoning/Air                4
   f - Summon Ice Beast               Ice/Summoning                4


   Skills:
 + Level 2.9 Dodging
 + Level 2.6 Stealth
 + Level 0.1 Unarmed Combat
 + Level 4.0 Spellcasting
 + Level 4.9 Summonings


You had 4 spell levels left.
You knew the following spells:

 Your Spells              Type           Power        Failure   Level  Hunger
a - Summon Small Mammal   Summ           ###.         1%          1    None
b - Call Imp              Summ           ###.....     2%          2    #......
c - Call Canine Familiar  Summ           ###.....     8%          3    ###....


Dungeon Overview and Level Annotations

Branches:
Dungeon (3/15)

Altars:


Message History

The orc hits your shadow imp with a hand axe.
Your shadow imp dies!
Your crimson imp hits the orc.
Casting: Call Imp
Confirm with . or Enter, or press ? or * to list all spells.
You don't know that spell.
You barely miss the orc.
The orc is lightly wounded.
The orc closely misses you.
You hit the orc.
The orc is moderately wounded.
The orc hits you with a hand axe.
Your crimson imp hits the orc but does no damage.
Your crimson imp hits the orc.
The orc hits you with a hand axe.
* * * LOW HITPOINT WARNING * * *
You hit the orc.
The orc is heavily wounded.
Your crimson imp hits the orc but does no damage.
The orc hits you with a hand axe.
You die...

#.#...........
#.#.#........
#####...#.#######
#...........#
#...........#
#.......)...#
#.........5.#
#.........).#####
#..........55oo@#
#.........(.#.###
#...........#..#
#...........#.<#
#############..#
#..# #..#
#......# #.###..#


You could see 2 orcs, a friendly crimson imp and a friendly shadow imp.

Vanquished Creatures
  A jackal (D:1)
  A bat (D:1)
  A giant newt (D:1)
  2 rats (D:2)
5 creatures vanquished.

Vanquished Creatures (collateral kills)
  Terence (D:3)
  2 adders
  A worm (D:2)
  A giant gecko (D:1)
  3 orcs (D:3)
  2 ball pythons
  2 bats
  A giant cockroach (D:1)
  2 hobgoblins
  4 jackals
  3 kobolds (D:1)
  3 quokkas
  9 giant newts (D:1)
  A rat (D:1)
35 creatures vanquished.

Vanquished Creatures (others)
  A shadow imp (D:3)
  2 bats (D:1)
  4 quokkas (D:1)
  5 rats (D:1)
12 creatures vanquished.

Grand Total: 52 creatures vanquished

Notes
Turn   | Place    | Note
--------------------------------------------------------------
     0 | D:1      | farough, the Deep Elf Summoner, began the quest for the Orb.
     0 | D:1      | Reached XP level 1. HP: 10/10 MP: 5/5
   504 | D:1      | Reached XP level 2. HP: 15/15 MP: 8/8
   524 | D:1      | Learned a level 2 spell: Call Imp
  1492 | D:2      | Reached XP level 3. HP: 19/19 MP: 8/11
  1497 | D:2      | Learned a level 3 spell: Call Canine Familiar
  1754 | D:3      | Noticed Terence
  1776 | D:3      | Killed Terence
  1844 | D:3      | Slain by an orc

Action                   || total
-------------------------++-------
Melee: Unarmed           ||    17
       Falchion          ||     6
 Cast: Summon Small Mamm ||    29
       Call Imp          ||    29
       Call Canine Famil ||     2
  Use: Scroll            ||     7
 Stab: Distracted        ||     1
  Eat: Royal jelly       ||     1
       Bread ration      ||     1
